 Dungeon Crawl Stone Soup version 0.29.1-12-g30fa7ad0bf (webtiles) character file.

Game seed: 2317617205017645884

1036 raph the Destroyer (level 8, -5/57 HPs)
             Began as a Green Draconian Conjurer on Dec 28, 2022.
             Was an Initiate of Gozag.
             Engulfed by a steam dragon's steam (6 damage)
             ... on level 6 of the Dungeon.
             The game lasted 00:11:29 (8914 turns).

raph the Destroyer (Green Draconian Conjurer)       Turns: 8914, Time: 00:11:30

Health: -5/57      AC:  8    Str: 16    XL:     8   Next: 4%
Magic:  8/14       EV: 31    Int: 21    God:    Gozag
Gold:   419        SH:  0    Dex:  9    Spells: 2/15 levels left

rFire   . . .      SeeInvis .   a - +2 dagger (speed)
rCold   . . .      Faith    .   (no shield)
rNeg    . . .      Spirit   .   (body armour unavailable)
rPois   +          Reflect  .   (helmet restricted)
rElec   .          Harm     .   f - +1 cloak
rCorr   .          Rampage  .   (no gloves)
Will    .....                   (no boots)
Stlth   ++........              d - amulet of the acrobat
HPRegen 0.19/turn               i - +4 ring of evasion
MPRegen 0.14/turn               o - +6 ring of strength

@: gold aura, acrobatic
A: breathe noxious fumes, AC +6, unfitting armour, poison resistance,
cold-blooded
a: Breathe Noxious Fumes, Renounce Religion, Potion Petition, Call Merchant,
Bribe Branch


You were on level 6 of the Dungeon.
You worshipped Gozag.
Gozag was aware of your devotion.
You visited 2 branches of the dungeon, and saw 8 of its levels.

You collected 495 gold pieces.
You paid 76 gold pieces to Gozag.

Inventory:

Hand Weapons
 a - a +2 dagger of speed (weapon)
 b - a +0 dagger
Missiles
 m - a boomerang of dispersal
Armour
 f - a +1 cloak (worn)
Jewellery
 d - an amulet of the acrobat (around neck)
 i - a +4 ring of evasion (left hand)
 o - a +6 ring of strength (right hand)
Wands
 r - a wand of paralysis (8)
 u - a wand of flame (18)
Scrolls
 c - a scroll of vulnerability
 s - 2 scrolls of teleportation
 z - a scroll of poison
Potions
 e - a potion of resistance
 g - a potion of invisibility
 h - a potion of cancellation
 j - a potion of lignification
 k - a potion of attraction {unknown}
 l - 2 potions of brilliance
 n - 5 potions of curing
 p - a potion of degeneration {unknown}
 q - 2 potions of magic
 t - a potion of mutation
 v - a potion of heal wounds {unknown}
 w - a potion of berserk rage {unknown}


   Skills:
 - Level 1.7 Dodging
 - Level 1.7 Stealth
 - Level 4.3 Spellcasting
 + Level 8.0 Conjurations
 + Level 4.0 Hexes


You had 2 spell levels left.
You knew the following spells:

 Your Spells              Type           Power      Damage    Failure   Level
a - Magic Dart            Conj           100%       1d8       1%          1
b - Searing Ray           Conj           76%        2d7       1%          2
c - Dazzling Flash        Conj/Hex       58%        N/A       3%          3
d - Mephitic Cloud        Conj/Pois/Air  15%        N/A       12%         3
e - Fulminant Prism       Conj/Hex       14%        3d9       10%         4

Your spell library contained the following spells:

 Spells                   Type           Power      Damage    Failure   Level
 Summon Small Mammal      Summ           16%        N/A       12%         1
 Call Imp                 Summ           4%         N/A       19%         2
 Portal Projectile        Hex/Tloc       24%        N/A       16%         3
 Summon Guardian Golem    Hex/Summ       12%        N/A       16%         3
 Iskenderun's Mystic Bla  Conj/Tloc      21%        2d6       22%         4
 Call Canine Familiar     Summ           4%         N/A       34%         3
 Gell's Gravitas          Tloc           4%         N/A       34%         3
 Lesser Beckoning         Tloc           4%         N/A       34%         3
 Teleport Other           Tloc           4%         N/A       34%         3
 Leda's Liquefaction      Hex/Erth       6%         N/A       45%         4


Dungeon Overview and Level Annotations

Branches:
Dungeon (7/15)             Temple (1/1) D:5

Altars:
Ashenzari
Dithmenos
Elyvilon
Gozag
Hepliaklqana
Kikubaaqudgha
Makhleb
Nemelex Xobeh
Okawaru
Qazlal
Ru
Sif Muna
Trog
Uskayaw
Vehumet
Wu Jian
Xom
Zin
The Shining One

Annotations:
D:3 1 transporter, MisterFreud's ghost, weakling MiFi


Innate Abilities, Weirdness & Mutations

You can breathe blasts of noxious fumes.
Your lurid green scales are hard. (AC +6)
You cannot fit into any form of body armour.
Your system is resistant to poisons. (rPois)
You are cold-blooded and may be slowed by cold attacks.


Message History

You hear an angry buzzing noise.
The searing ray hits the steam dragon.
The steam dragon is severely wounded.
The searing ray hits the gnoll!
You kill the gnoll!
You are engulfed in a cloud of scalding steam.
The steam dragon completely misses you. The steam dragon closely misses you.
Your Hexes skill increases to level 4!
You are engulfed in a cloud of scalding steam.
The steam dragon bites you! The steam dragon claws you.
The gnoll closely misses you.
You climb upwards.
There is a stone staircase leading down here.
Okay, then.
You closely miss the steam dragon.
The steam dragon is severely wounded.
The gnoll closely misses you. The steam dragon breathes steam at you.
The ball of steam hits you!
Casting: Searing Ray (safe; 1% risk of failure)
Confirm with . or Enter, or press ? or * to list all spells.
Aiming: Searing Ray (safe; 1% risk of failure)
Press: ? - help, Shift-Dir - straight line The searing ray hits the steam dragon.
The steam dragon is severely wounded. (Press . to maintain the ray.)
You are engulfed in a cloud of scalding steam.
* * * LOW HITPOINT WARNING * * *
The gnoll hits you but does no damage. The steam dragon misses you.
The steam dragon claws you.
* * * LOW HITPOINT WARNING * * *
The searing ray misses the steam dragon.
You are engulfed in a cloud of scalding steam.
* * * LOW HITPOINT WARNING * * *
The gnoll is engulfed in a cloud of scalding steam.
The gnoll dies!
The steam dragon is distracted by your dazzling golden aura.
You are engulfed in a cloud of scalding steam.
You die...
Your body crumbles into a pile of gold.

..........#.......#.....#
#.
.............##.........#
#.
..........#...##..#b....#
#.
....#######.......#.....#
#####. ....#
#.#.##.######## #.....
....# #......# #.####
....# ###.########## #.#
....# #.##§D.....# #.#
....# #.##@#####.### #.#
...## #.##.##......# #.#
#.## #.......##.#.###.#
..#######
####.#####.#.....#
........# #.......#######
..##.#..#### #########
#.##.......# #.##.#..#..#
#.......#..#


You could see a steam dragon (unaware, catching breath).

Vanquished Creatures
  2 phantoms
  A centaur (D:6)
  A bullfrog (D:6)
  2 scorpions
  6 hounds
  A jelly (D:6)
  An orc priest (D:5)
  An iguana (D:5)
  4 orc wizards
  4 gnolls
  6 adders
  2 shadow imps (D:6)
  An ufetubus (D:4)
  3 worms
  3 dart slugs
  23 orcs
  9 ball pythons
  10 endoplasms
  2 giant cockroaches
  9 hobgoblins
  10 kobolds
  4 quokkas
  4 bats
  2 frilled lizards
  12 goblins
  9 rats
132 creatures vanquished.

Vanquished Creatures (others)
  A gnoll (D:6)
1 creature vanquished.

Grand Total: 133 creatures vanquished

Notes
Turn   | Place    | Note
-------+----------+-------------------------------------------
     0 | D:1      | raph the Draconian Conjurer began the quest for the Orb.
     0 | D:1      | Reached XP level 1. HP: 14/14 MP: 3/3
   408 | D:1      | Reached XP level 2. HP: 20/20 MP: 0/5
   411 | D:1      | Learned a level 2 spell: Searing Ray
  1085 | D:1      | Reached XP level 3. HP: 23/26 MP: 1/6
  2414 | D:2      | Reached skill level 5 in Conjurations
  2686 | D:2      | Found a faded altar of an unknown god.
  2995 | D:2      | Reached XP level 4. HP: 33/33 MP: 2/8
  3506 | D:3      | Found a transporter.
  3515 | D:3      | Noticed MisterFreud's ghost (weakling MiFi)
  3966 | D:3      | Reached XP level 5. HP: 38/38 MP: 4/10
  4010 | D:3      | Learned a level 3 spell: Dazzling Flash
  4773 | D:4      | Reached skill level 6 in Conjurations
  4918 | D:4      | Learned a level 3 spell: Mephitic Cloud
  5577 | D:5      | Entered Level 5 of the Dungeon
  5585 | D:5      | Found a staircase to the Ecumenical Temple.
  5596 | D:5      | Reached XP level 6. HP: 45/45 MP: 4/12
  5718 | Temple   | Entered the Ecumenical Temple
  5971 | Temple   | Became a worshipper of Gozag Ym Sagoz the Greedy
  6548 | D:5      | Learned a level 4 spell: Fulminant Prism
  6572 | D:5      | Reached skill level 1 in Hexes
  7005 | D:5      | Your scales start taking on a lurid green colour.
  7005 | D:5      | Reached XP level 7. HP: 43/50 MP: 3/13
  7005 | D:5      | Gained mutation: Your system is resistant to poisons.
                  | (rPois) [Green Draconian growth]
  7358 | D:6      | Reached skill level 7 in Conjurations
  8070 | D:6      | Found a glowing golden altar of the Shining One.
  8584 | D:6      | Reached skill level 8 in Conjurations
  8584 | D:6      | Reached XP level 8. HP: 55/57 MP: 5/14
  8913 | D:6      | HP: 1/57 [steam dragon] (8)]
  8914 | D:6      | Engulfed by a steam dragon's steam

Illustrated notes

Levels and vault maps discovered:
D:1:      kennysheep_arrival_seaside, layout_basic, patterned_corridor
D:2:      layout_loops_ring, hellmonk_ecumenical_altar_crossroads,
          minmay_misc_feat_rugged, minmay_close_crescents
D:3:      layout_rooms, gammafunk_ghost_mausoleum
D:4:      layout_loops_ring
D:5:      layout_loops_ring, minmay_temple_entry_glass
D:6:      layout_loops_cross, mainiacjoe_overflow_brackets
D:7:      lemuel_castle_with_subvaults [lemuel_castle_interior_carwin_3],
          layout_rooms, enter_bailey_3, gammafunk_ghost_smash, minmay_holes,
          chequers_serial_rivers_small_3, minmay_small_thing
Temple:   dpeg_five_rooms_temple

Skill      XL: |  1  2  3  4  5  6  7  8 |
---------------+-------------------------+-----
Conjurations   | 5 6 8 |  8.0
Spellcasting   | 3 4 |  4.3
Hexes          | 1 3 4 |  4.0
Dodging        | |  1.7
Stealth        | |  1.7

Action                   |  1- 3 |  4- 6 |  7- 9 || total
-------------------------+-------+-------+-------++-------
Melee: Dagger            |    13 |    18 |     3 ||    34
       Tailslap          |     2 |       |       ||     2
 Cast: Magic Dart        |    18 |     6 |     1 ||    25
       Searing Ray       |    36 |    46 |    20 ||   102
       Mephitic Cloud    |       |     2 |     1 ||     3
       Dazzling Flash    |       |     1 |       ||     1
 Abil: Breathe Noxious F |       |       |     2 ||     2
  Use: Scroll            |     2 |    13 |     4 ||    19
 Stab: Sleeping          |       |       |     1 ||     1
Armor: Skin              |     6 |    19 |     4 ||    29
Dodge: Dodged            |    19 |    77 |    28 ||   124
